Unix NetHack Version 5.0.0-0 post-release - last build May 17 2026 04:57:42 (dc50c8380fa5e20985bfe3072449f57b8d9895ef,branch:main).

Game began 2026-05-19 12:39:57, ended 2026-05-19 12:55:38.

GdeVolpiano, lawful male dwarven Caveman

  ----        ----
  |..|       --..---          ----- ----
  |..--      -.....----       |...---..--
  --..-   --..........---------....|......
   |-..----.....  ........................
   |..........%.    .........)..  ...- ...  ....--
  --........ ...    ......  ---        .)........--
  |........       -........            -...........--
  ---..........  .^.........---..       -----..---..|
    --.---..........|.............          ---- --.-
     --- --.|.....------ ....--.<-                ...
          ----..---       ..-  ---               ...-
             ----                               .....
                                  |......      .....
                                  |.........---....
                                  --@'u).fd.......
                                   ---.....------

GdeVolpiano the Aborigine  St:18/03 Dx:12 Co:16 In:9 Wi:9 Ch:8  Lawful
Dlvl:5  $:51 HP:0(35) Pw:5(5) AC:5  Xp:3 T:1898 

Latest messages:
 You miss the pony.
 The pony kicks!
 The pony bites!
 Slasher misses the pony.
 You miss the pony.
 The pony kicks!
 The pony just misses!
 Slasher misses the pony.
 You miss the pony.
 The pony kicks!
 The pony bites!
 Slasher misses the pony.
 The pony kicks!
 The pony bites!
 Slasher bites the pony.
 The pony hits Slasher.
 The pony bites Slasher.
 You miss the pony.
 The pony kicks!
 The pony bites!
 You miss the pony.
 The pony kicks!
 The pony bites!
 What do you want to throw? [$ab or ?*]
 In what direction?
 The pony seems more amiable.
 Your pony devours a fig.
 What do you want to write with? [- a-dfkoszBIK or ?*]
 Never mind.
 #
 (For instructions type a '?')
 Slasher misses the gnome.
 Heliodore bites the gnome.
 The gnome is killed!
 You hit the straw golem!
 The straw golem hits!
 The straw golem hits again!
 You miss the straw golem.
 The straw golem hits!
 The straw golem just misses!
 You miss the straw golem.
 The straw golem just misses!
 The straw golem hits!
 You miss the straw golem.
 The straw golem hits!
 The straw golem misses!
 You miss the straw golem.
 The straw golem hits!
 You die...
 Do you want your possessions identified? [ynq] (y)

Inventory:
 Coins    ('$')
  $ - 51 gold pieces
 Amulets  ('"')
  t - an uncursed amulet versus poison (being worn)
 Weapons  (')')
  b - a +2 sling (alternate weapon; not wielded)
  s - a +0 dwarvish spear (weapon in right hand)
  a - a +1 club
 Armor    ('[')
  p - a blessed +1 orcish helm (being worn)
  q - a blessed +0 cloak of displacement (being worn)
  e - an uncursed +0 leather armor (being worn)
 Comestibles  ('%')
  i - a cursed clove of garlic
  m - 2 uncursed food rations
  n - 2 uncursed sprigs of wolfsbane
 Scrolls  ('?')
  A - a blessed scroll of blank paper
  J - an uncursed scroll of blank paper
  G - an uncursed scroll of enchant weapon
  y - an uncursed scroll of identify
 Potions  ('!')
  u - a blessed potion of fruit juice
  H - a cursed potion of monster detection
  j - an uncursed potion of polymorph
 Tools    ('(')
  v - an empty uncursed oilskin sack
 Gems/Stones  ('*')
  k - an uncursed chrysoberyl stone
  I - an uncursed garnet stone
  f - a cursed topaz stone
  z - 2 uncursed worthless pieces of black glass
  K - 3 uncursed worthless pieces of blue glass
  B - an uncursed worthless piece of violet glass
  o - 4 uncursed worthless pieces of yellow glass
  c - 7 uncursed flint stones (in quiver pouch)
  d - 27 uncursed rocks

GdeVolpiano the Caveman's attributes:

Background:
 You were an Aborigine, a level 3 dwarven Caveman.
 You were lawful, on a mission for Anu
 who was opposed by Ishtar (neutral) and Anshar (chaotic).
 You were right-handed.
 You were in the Gnomish Mines, on level 5.
 You entered the dungeon 1898 turns ago.
 There was a new moon in effect when your adventure ended.
 You had 69 experience points, 11 more were needed to attain level 4.

Basics:
 You had 0 out of 35 hit points.
 You had all 5 energy points (spell power).
 Your armor class was 5.
 Your wallet contained 51 zorkmids.
 Autopickup was on for '$?!/="+' plus thrown, with exceptions.

Final Characteristics:
 Your strength was 18/03 (limit:18/100).
 Your dexterity was 12 (limit:20).
 Your constitution was 16 (limit:20).
 Your intelligence was 9 (limit:16).
 Your wisdom was 9 (limit:16).
 Your charisma was 8 (limit:16).

Final Status:
 You weren't hungry.
 You were unencumbered.
 You were wielding a spear.
 You were unskilled in spear.

Final Attributes:
 You were devoutly aligned.
 You were poison resistant.
 You had infravision.
 You were displaced.
 You were warded.
 You are dead.

Miscellaneous:
 You didn't encounter any bones levels.
 Total elapsed playing time was 15 minutes and 39 seconds.

Major events:
 Turn
    1: GdeVolpiano the lawful dwarven Caveman entered the dungeon
 1447: attained the rank of Aborigine (level 3)
 1670: entered the Gnomish Mines
 1898: killed by a straw golem

You didn't know any spells.

Skills:
 Fighting Skills
   bare handed combat [Basic]
 Weapon Skills
   dagger             [Unskilled]
   knife              [Unskilled]
   axe                [Unskilled]
   pick-axe           [Unskilled]
   club               [Basic]
   mace               [Unskilled]
   morning star       [Unskilled]
   flail              [Unskilled]
   hammer             [Unskilled]
   quarterstaff       [Unskilled]
   polearms           [Unskilled]
   spear              [Unskilled]
   trident            [Unskilled]
   bow                [Unskilled]
   sling              [Basic]
   boomerang          [Unskilled]
   unicorn horn       [Unskilled]
 Spellcasting Skills
   attack spells      [Unskilled]
   matter spells      [Unskilled]

Voluntary challenges:
 Character rerolling was not enabled.
 You never genocided any monsters.
 You never polymorphed an object.
 You never changed form.
 You used no wishes.
Achievements:
 You entered a shop.
 You attained the rank of Aborigine.
 You entered the Gnomish Mines.

 The Dungeons of Doom: levels 1 to 5
    Level 1:
    Level 2:
       A fountain.
    Level 3:
       A general store, a fountain.
    Level 4:
       A fountain.
       Stairs down to The Gnomish Mines.
    Level 5:
 The Gnomish Mines:
    Level 5: <- You were here.
       Final resting place for
          you, killed by a straw golem.


Vanquished creatures:
  2 floating eyes
  a kobold leader
  2 rothes
  a wererat
 an acid blob
  2 coyotes
  a red mold
  9 gnomes
  a gecko
  4 jackals
  3 foxes
  a kobold
  3 goblins
  2 grid bugs
  a newt
34 creatures vanquished.

No species were genocided or became extinct.

Game over:
                       ----------
                      /          \
                     /    REST    \
                    /      IN      \
                   /     PEACE      \
                  /                  \
                  |   GdeVolpiano    |
                  |      51 Au       |
                  |   killed by a    |
                  |   straw golem    |
                  |                  |
                  |                  |
                  |       2026       |
                 *|     *  *  *      | *
        _________)/\\_//(\/(/\)/\//\/|_)_______

Goodbye GdeVolpiano the Caveman...

You died in The Gnomish Mines on dungeon level 5 with 542 points,
and 51 pieces of gold, after 1898 moves.
You were level 3 with a maximum of 35 hit points when you died.

